PBL
JOPLIN BLASTERS @ CALGARY FLAMES
09/29/2049
 
TOP OF THE 1ST
Joplin Blasters batting - Pitching for Calgary Flames : RHP Jarrod Boncek
Pitching: RHP Jarrod Boncek
Batting: RHB Mike Stokes 0-0: Ball
1-0: Foul Ball, location: 2F
1-1: Called Strike
1-2: Fly out, F8 (Flyball, 8LD, EV 90.6 MPH)
Batting: RHB Nate Brewer 0-0: Ball
1-0: Ball
2-0: Called Strike
2-1: Foul Ball, location: 2F
2-2: Strikes out swinging
Batting: RHB Dustin Peterson 0-0: Foul Ball, location: 2F
0-1: SINGLE (Flyball, 78S, EV 93.1 MPH)
Batting: RHB Steve Huebner 0-0: Called Strike
0-1: Called Strike
0-2: Ball
1-2: Strikes out swinging, 2-3 out at first.
Top of the 1st over - 0 runs, 1 hit, 0 errors, 1 left on base; Joplin 0 - Calgary 0
BOTTOM OF THE 1ST
Calgary Flames batting - Pitching for Joplin Blasters : LHP Sean Walters
Pitching: LHP Sean Walters
Batting: RHB Jim Harkness 0-0: Foul Ball, location: 2F
0-1: Called Strike
0-2: Ball
1-2: SINGLE (Line Drive, 56, EV 95.6 MPH)
Batting: RHB Andre Thompson 0-0: Called Strike
0-1: Called Strike
0-2: Ball
1-2: Foul Ball, location: 2F
1-2: DOUBLE (Groundball, 5L, EV 103.1 MPH)
Jim Harkness to third
Batting: LHB Li-zhu Song 0-0: Called Strike
0-1: Fly out, F8 (Flyball, 8LD, EV 85.6 MPH)
Runner from 3rd tags up, SCORES, throw by CF
Batting: SHB Steve Wipf 0-0: Ball
1-0: Swinging Strike
1-1: Ball
2-1: Called Strike
2-2: Ball
3-2: Foul Ball, location: 2F
3-2: Foul Ball, location: 2F
3-2: Base on Balls
Batting: SHB Shawnie Codbucket 0-0: Ball
1-0: Ball
2-0: Ball
3-0: Called Strike
3-1: SINGLE (Line Drive, 56D, EV 96.2 MPH)
Andre Thompson to third
Steve Wipf to second
Batting: RHB Bruce Lovett 0-0: Fly out, F8 (Flyball, 89M, EV 73.1 MPH)
Batting: SHB Yu-hsui Lew 0-0: Ball
1-0: Fly out, F7 (Flyball, 7LS, EV 88.1 MPH)
Bottom of the 1st over - 1 run, 3 hits, 0 errors, 3 left on base; Joplin 0 - Calgary 1
TOP OF THE 2ND
Joplin Blasters batting - Pitching for Calgary Flames : RHP Jarrod Boncek
Batting: RHB Donnie Bednarz 0-0: Ball
1-0: Called Strike
1-1: Called Strike
1-2: Foul Ball, location: 2F
1-2: Ball
2-2: Fly out, F7 (Line Drive, 78D, EV 92.5 MPH)
Batting: LHB Willie Marquez 0-0: Called Strike
0-1: Called Strike
0-2: Ball
1-2: Ball
2-2: Foul Ball, location: 2F
2-2: SINGLE (Groundball, 6, EV 96.2 MPH)
Batting: RHB Jin-hoi Hur 0-0: Ball
1-0: Foul Ball, location: 2F
1-1: Fly out, F9 (Flyball, 9LM, EV 96.2 MPH)
Batting: LHB Josh Lane 0-0: SINGLE (Groundball, 5S, EV 76.2 MPH) (infield hit)
Willie Marquez to second
Batting: RHB Sean Walters 0-0: Foul Ball, location: 2F
0-1: Ball
1-1: Foul Ball, location: 2F
1-2: Strikes out swinging
Top of the 2nd over - 0 runs, 2 hits, 0 errors, 2 left on base; Joplin 0 - Calgary 1
BOTTOM OF THE 2ND
Calgary Flames batting - Pitching for Joplin Blasters : LHP Sean Walters
Batting: LHB Greg Robertson 0-0: Ball
1-0: Ball
2-0: Ball
3-0: Called Strike
3-1: Base on Balls
Batting: RHB Chad Stady 0-0: Ball
1-0: Ball
2-0: SINGLE (Line Drive, 7S, EV 99.4 MPH)
Greg Robertson to second
Batting: RHB Jim Harkness 0-0: Called Strike
0-1: Fly out, F8 (Flyball, 78M, EV 91.9 MPH)
Batting: RHB Andre Thompson 0-0: Ball
1-0: Foul Ball, location: 2F
1-1: Ball
2-1: Called Strike
2-2: Ball
3-2: Base on Balls
Greg Robertson to third
Chad Stady to second
Batting: LHB Li-zhu Song 0-0: Called Strike
0-1: Foul Ball, location: 2F
0-2: Ball
1-2: Strikes out swinging
Batting: SHB Steve Wipf 0-0: Called Strike
0-1: Foul Ball, location: 2F
0-2: Foul Ball, location: 2F
0-2: Ball
1-2: GRAND SLAM HOME RUN (Flyball, 7D, EV 107.5 MPH), Distance : 405 ft
Batting: SHB Shawnie Codbucket 0-0: Ball
1-0: Foul Ball, location: 2F
1-1: SOLO HOME RUN (Line Drive, 7D, EV 110.6 MPH), Distance : 430 ft
Batting: RHB Bruce Lovett 0-0: Foul Ball, location: 2F
0-1: Ball
1-1: Foul Ball, location: 2F
1-2: Strikes out looking
Bottom of the 2nd over - 5 runs, 3 hits, 0 errors, 0 left on base; Joplin 0 - Calgary 6
TOP OF THE 3RD
Joplin Blasters batting - Pitching for Calgary Flames : RHP Jarrod Boncek
Batting: RHB Mike Stokes 0-0: Ball
1-0: Called Strike
1-1: Foul Ball, location: 2F
1-2: Foul Ball, location: 2F
1-2: Strikes out swinging
Batting: RHB Nate Brewer 0-0: Called Strike
0-1: SINGLE (Flyball, 9S, EV 90.0 MPH)
Batting: RHB Dustin Peterson 0-0: Ball
1-0: Foul Ball, location: 2F
1-1: Grounds into double play, U4-3 (Groundball, 6M, EV 100.0 MPH)
Top of the 3rd over - 0 runs, 1 hit, 0 errors, 0 left on base; Joplin 0 - Calgary 6
BOTTOM OF THE 3RD
Calgary Flames batting - Pitching for Joplin Blasters : LHP Sean Walters
Batting: SHB Yu-hsui Lew 0-0: Fly out, F4 (Popup, 34, EV 55.6 MPH)
Batting: LHB Greg Robertson 0-0: Ball
1-0: Called Strike
1-1: Foul Ball, location: 2F
1-2: Strikes out looking
Pitching: RHP Jaden Brown
Batting: RHB Chad Stady 0-0: Ball
1-0: Called Strike
1-1: Fly out, F8 (Line Drive, 8RD, EV 100.6 MPH)
Bottom of the 3rd over - 0 runs, 0 hits, 0 errors, 0 left on base; Joplin 0 - Calgary 6
TOP OF THE 4TH
Joplin Blasters batting - Pitching for Calgary Flames : RHP Jarrod Boncek
Batting: RHB Steve Huebner 0-0: Foul Ball, location: 2F
0-1: Foul Ball, location: 2F
0-2: Ball
1-2: Strikes out swinging
Batting: RHB Donnie Bednarz 0-0: Called Strike
0-1: Swinging Strike
0-2: Ball
1-2: Strikes out swinging
Batting: LHB Willie Marquez 0-0: Called Strike
0-1: Ball
1-1: Ball
2-1: Called Strike
2-2: Ball
3-2: Foul Ball, location: 2F
3-2: Foul Ball, location: 2F
3-2: Ground out 1-3 (Groundball, 15, EV 61.9 MPH)
Top of the 4th over - 0 runs, 0 hits, 0 errors, 0 left on base; Joplin 0 - Calgary 6
BOTTOM OF THE 4TH
Calgary Flames batting - Pitching for Joplin Blasters : RHP Jaden Brown
Batting: RHB Jim Harkness 0-0: Ball
1-0: Ground out 4-3 (Groundball, 4, EV 79.4 MPH)
Batting: RHB Andre Thompson 0-0: Foul Ball, location: 2F
0-1: Ball
1-1: Swinging Strike
1-2: Strikes out looking
Batting: LHB Li-zhu Song 0-0: Ball
1-0: Foul Ball, location: 2F
1-1: Called Strike
1-2: Strikes out swinging
Bottom of the 4th over - 0 runs, 0 hits, 0 errors, 0 left on base; Joplin 0 - Calgary 6
TOP OF THE 5TH
Joplin Blasters batting - Pitching for Calgary Flames : RHP Jarrod Boncek
Batting: RHB Jin-hoi Hur 0-0: Called Strike
0-1: Foul Ball, location: 2F
0-2: Ball
1-2: Foul Ball, location: 2F
1-2: Foul Ball, location: 2F
1-2: Ball
2-2: Fly out, F9 (Line Drive, 9, EV 107.5 MPH)
Batting: LHB Josh Lane 0-0: Ball
1-0: Foul Ball, location: 2F
1-1: Foul Ball, location: 2F
1-2: Ball
2-2: Reached on error, E3 (Groundball, 3, EV 84.4 MPH)
Batting: RHB Sean Walters 0-0: Swinging Strike
0-1: Ball
1-1: Called Strike
1-2: Ball
2-2: Ball
3-2: Strikes out looking
Batting: RHB Mike Stokes 0-0: Ball
1-0: Called Strike
1-1: Swinging Strike
1-2: Strikes out swinging
Top of the 5th over - 0 runs, 0 hits, 1 error, 1 left on base; Joplin 0 - Calgary 6
BOTTOM OF THE 5TH
Calgary Flames batting - Pitching for Joplin Blasters : RHP Jaden Brown
Batting: SHB Steve Wipf 0-0: Ball
1-0: Ball
2-0: SOLO HOME RUN (Flyball, 9LD, EV 93.8 MPH), Distance : 351 ft
Batting: SHB Shawnie Codbucket 0-0: Ball
1-0: Foul Ball, location: 2F
1-1: Foul Ball, location: 2F
1-2: Ball
2-2: Foul Ball, location: 2F
2-2: SINGLE (Line Drive, 7S, EV 89.4 MPH)
Batting: RHB Bruce Lovett 0-0: Swinging Strike
0-1: Called Strike
0-2: Strikes out swinging
Batting: SHB Yu-hsui Lew 0-0: Ball
1-0: Ball
2-0: Fly out, F5 (Line Drive, 56, EV 70.0 MPH)
Batting: LHB Greg Robertson 0-0: Swinging Strike
0-1: Ball
1-1: Fly out, F7 (Flyball, 78S, EV 90.0 MPH)
Bottom of the 5th over - 1 run, 2 hits, 0 errors, 1 left on base; Joplin 0 - Calgary 7
TOP OF THE 6TH
Joplin Blasters batting - Pitching for Calgary Flames : RHP Jarrod Boncek
Batting: RHB Nate Brewer 0-0: Foul Ball, location: 2F
0-1: Ball
1-1: Called Strike
1-2: Hit by Pitch
Batting: RHB Dustin Peterson 0-0: Fly out, F7 (Flyball, 78S, EV 86.2 MPH)
Batting: RHB Steve Huebner 0-0: Swinging Strike
0-1: Swinging Strike
0-2: Grounds into double play, 6-4-3 (Groundball, 6, EV 78.8 MPH)
Top of the 6th over - 0 runs, 0 hits, 0 errors, 0 left on base; Joplin 0 - Calgary 7
BOTTOM OF THE 6TH
Calgary Flames batting - Pitching for Joplin Blasters : RHP Jaden Brown
Batting: RHB Tyler Johnson 0-0: Ground out 5-3 (Groundball, 56S, EV 86.2 MPH)
Batting: RHB Jim Harkness 0-0: Ball
1-0: Ball
2-0: Foul Ball, location: 2F
2-1: SINGLE (Line Drive, 7S, EV 109.4 MPH)
Batting: RHB Andre Thompson 0-0: Ball
1-0: Ball
2-0: Ball
3-0: Base on Balls
Jim Harkness to second
Batting: LHB Li-zhu Song 0-0: Grounds into double play, 5-4-3 (Groundball, 56, EV 88.8 MPH)
Bottom of the 6th over - 0 runs, 1 hit, 0 errors, 1 left on base; Joplin 0 - Calgary 7
TOP OF THE 7TH
Joplin Blasters batting - Pitching for Calgary Flames : RHP Jarrod Boncek
Pinch Hitting: RHB Alex Valadez 0-0: Ball
1-0: Ball
2-0: Fly out, F8 (Flyball, 78M, EV 83.8 MPH)
Batting: LHB Willie Marquez 0-0: Ball
1-0: Ball
2-0: Called Strike
2-1: Ground out 3-1 (Groundball, 34S, EV 80.0 MPH)
Batting: RHB Jin-hoi Hur 0-0: Foul Ball, location: 2F
0-1: Ball
1-1: Ball
2-1: Ground out U3 (Groundball, 34, EV 91.9 MPH)
Top of the 7th over - 0 runs, 0 hits, 0 errors, 0 left on base; Joplin 0 - Calgary 7
BOTTOM OF THE 7TH
Calgary Flames batting - Pitching for Joplin Blasters : RHP Jaden Brown
Now in LF: Alex Valadez
Pinch Hitting: RHB Willie Torres 0-0: Ball
1-0: Ball
2-0: Ball
3-0: Called Strike
3-1: Called Strike
3-2: Foul Ball, location: 2F
3-2: SINGLE (Line Drive, 78S, EV 105.0 MPH)
Batting: SHB Shawnie Codbucket 0-0: Ball
1-0: Swinging Strike
1-1: Fly out, F8 (Flyball, 8RD, EV 90.6 MPH)
Batting: RHB Bruce Lovett 0-0: Called Strike
0-1: 2-RUN HOME RUN (Flyball, 78XD, EV 113.8 MPH), Distance : 454 ft
Batting: SHB Yu-hsui Lew 0-0: Ball
1-0: Ball
2-0: Ball
3-0: Called Strike
3-1: Foul Ball, location: 2F
3-2: Base on Balls
Batting: LHB Greg Robertson 0-0: Hit by Pitch
Yu-hsui Lew to second
Batting: RHB Tyler Johnson 0-0: Ball
Wild Pitch!
Yu-hsui Lew to third
Greg Robertson to second
1-0: Called Strike
1-1: Ball
2-1: Called Strike
2-2: Foul Ball, location: 2F
2-2: Foul Ball, location: 2F
2-2: Strikes out swinging
Pitching: RHP Robert Carlos
Batting: RHB Jim Harkness 0-0: Ball
1-0: Foul Ball, location: 2F
1-1: Ball
2-1: Ball
3-1: SINGLE (Line Drive, 4MD, EV 96.9 MPH)
Yu-hsui Lew scores
Greg Robertson to third
Runner from 3rd tries for Home, throw by CF and OUT! 8-2
Bottom of the 7th over - 3 runs, 3 hits, 0 errors, 1 left on base; Joplin 0 - Calgary 10
TOP OF THE 8TH
Joplin Blasters batting - Pitching for Calgary Flames : RHP Jarrod Boncek
Now at 1B: Bruce Daley
Pinch Hitting: RHB Carlos Castillo 0-0: Ball
1-0: Fly out, F7 (Flyball, 78S, EV 92.5 MPH)
Batting: RHB Mike McClung 0-0: Foul Ball, location: 2F
0-1: SINGLE (Line Drive, 9S, EV 92.5 MPH)
Batting: RHB Mike Stokes 0-0: Called Strike
0-1: Ball
1-1: Ball
2-1: Foul Ball, location: 2F
2-2: Strikes out looking
Batting: RHB Nate Brewer 0-0: Called Strike
0-1: Swinging Strike
0-2: Strikes out looking
Top of the 8th over - 0 runs, 1 hit, 0 errors, 1 left on base; Joplin 0 - Calgary 10
BOTTOM OF THE 8TH
Calgary Flames batting - Pitching for Joplin Blasters : RHP Robert Carlos
Now at 2B: Bobby Leon
Batting: RHB Andre Thompson 0-0: Ball
1-0: Ground out 4-3 (Groundball, 4, EV 85.0 MPH)
Batting: LHB Li-zhu Song 0-0: Ball
1-0: Called Strike
1-1: Ball
2-1: Ball
3-1: Foul Ball, location: 2F
3-2: Foul Ball, location: 2F
3-2: SINGLE (Groundball, 34D, EV 96.2 MPH)
Batting: LHB Bruce Daley 0-0: Called Strike
0-1: Ball
1-1: Ball
2-1: Foul Ball, location: 2F
2-2: 2-RUN HOME RUN (Flyball, 89XD, EV 105.6 MPH), Distance : 413 ft
Batting: SHB Shawnie Codbucket 0-0: Ball
1-0: Foul Ball, location: 2F
1-1: Foul Ball, location: 2F
1-2: Ball
2-2: Strikes out looking
Batting: RHB Bruce Lovett 0-0: Ball
1-0: Called Strike
1-1: Ball
2-1: Ball
3-1: Base on Balls
Batting: SHB Yu-hsui Lew 0-0: SINGLE (Line Drive, 56D, EV 100.0 MPH)
Bruce Lovett to second
Batting: LHB Greg Robertson 0-0: SINGLE (Line Drive, 8RS, EV 108.8 MPH)
Bruce Lovett to third
Yu-hsui Lew to second
Runner from 3rd tries for Home, SAFE, throw by CF to home
Batting: RHB Tyler Johnson 0-0: Ball
1-0: Ball
2-0: SINGLE (Line Drive, 5D, EV 96.2 MPH)
Yu-hsui Lew to third
Greg Robertson to second
Runner from 3rd tries for Home, SAFE, throw by LF to home
Batting: RHB Jim Harkness 0-0: Called Strike
0-1: Ball
1-1: Ground out 4-3 (Groundball, 4, EV 92.5 MPH)
Bottom of the 8th over - 4 runs, 5 hits, 0 errors, 2 left on base; Joplin 0 - Calgary 14
TOP OF THE 9TH
Joplin Blasters batting - Pitching for Calgary Flames : RHP Jarrod Boncek
Batting: RHB Dustin Peterson 0-0: Ball
1-0: Swinging Strike
1-1: Ground out 6-3 (Groundball, 6, EV 87.5 MPH)
Batting: RHB Steve Huebner 0-0: Called Strike
0-1: Called Strike
0-2: Ball
1-2: Fly out, F8 (Flyball, 8RD, EV 91.9 MPH)
Batting: RHB Alex Valadez 0-0: Ball
1-0: DOUBLE (Flyball, 89D, EV 108.8 MPH)
Pitching: RHP Tony Morales
Batting: LHB Willie Marquez 0-0: Called Strike
0-1: Ball
1-1: Foul Ball, location: 2F
1-2: Strikes out swinging
Top of the 9th over - 0 runs, 1 hit, 0 errors, 1 left on base; Joplin 0 - Calgary 14
Sunday, July 16th , 2023 - OOTP Baseball 24.6 Build 69